 Dungeon Crawl Stone Soup version 0.25-a0-949-gdd2af9e06e (webtiles) character file.

Game seed: 11933320323479678672, levelgen mode: deterministic

774 Essalna the Archer (level 7, -3/63 HPs)
             Began as a Centaur Arcane Marksman on May 7, 2020.
             Slain by Prince Ribbit (16 damage)
             ... on level 5 of the Dungeon on May 8, 2020.
             The game lasted 00:15:20 (7694 turns).

Essalna the Archer (Centaur Arcane Marksman)        Turns: 7694, Time: 00:15:20

Health: -3/63      AC:  4    Str: 13    XL:     7   Next: 53%
Magic:  8/8        EV: 10    Int: 14    God:
Gold:   312        SH:  0    Dex: 12    Spells: 4/8 levels left

rFire    . . .     SeeInvis .   y - +1 dagger "Amoas" {holy, Dex+3} (curse)
rCold    . . .     Gourm    .   (no shield)
rNeg     . . .     Faith    .   e - +0 robe
rPois    .         Spirit   .   (no helmet)
rElec    .         Reflect  .   (no cloak)
rCorr    .         Harm     +   (no gloves)
MR       .....     Rnd*Tele +   (no barding)
Stlth    +.........             m - amulet of harm
HPRegen  0.20/turn              u - ring of teleportation (curse)
MPRegen  0.11/turn              (no ring)

@: very quick
A: large, hooves 3, deformed body, speed 2, tough skin 3
a: no special abilities


You were on level 5 of the Dungeon.
You were not hungry.

You visited 1 branch of the dungeon, and saw 5 of its levels.

You collected 312 gold pieces.

Inventory:

Hand Weapons
 a - a +0 shortbow
 c - a +0 short sword
 y - the cursed +1 dagger "Amoas" (weapon) {holy, Dex+3}
   (You found it on level 5 of the Dungeon)

   It has been blessed by the Shining One to cause great damage to the undead
   and demons.
   It affects your dexterity (+3).
   It has a curse placed upon it.
Missiles
 d - 75 arrows
Armour
 e - a +0 robe (worn)
 t - a +0 buckler
Jewellery
 m - an amulet of harm (around neck)
 u - a cursed ring of teleportation (left hand)
Wands
 p - a wand of random effects (47)
 s - a wand of flame (10)
 w - a wand of enslavement (8)
Scrolls
 b - 5 scrolls of identify {unknown}
 g - a scroll of amnesia {unknown}
 h - 2 scrolls of immolation {unknown}
 j - a scroll of fear {unknown}
 k - 4 scrolls of remove curse {unknown}
 v - 2 scrolls of noise {unknown}
Potions
 i - 3 potions of heal wounds {unknown}
 l - a potion of resistance {unknown}
 n - a potion of brilliance {unknown}
 o - 2 potions of curing
 q - 2 potions of flight {unknown}
 r - a potion of magic {unknown}
 x - a potion of stabbing {unknown}
Comestibles
 f - 10 rations


   Skills:
 + Level 6.0 Fighting
 + Level 8.2 Bows
 - Level 1.3 Dodging
 - Level 1.0 Spellcasting
 + Level 2.6 Hexes
 + Level 0.0 Translocations


You had 4 spell levels left.
You knew the following spells:

 Your Spells              Type           Power        Failure   Level  Hunger
a - Corona                Hex            #......      9%          1    ##.....
b - Portal Projectile     Hex/Tloc       #.....       41%         3    ####...

Your spell library contained the following spells:

 Spells                   Type           Power        Failure   Level  Hunger
 Slow                     Hex            #.......     13%         2    ###....
 Inner Flame              Hex/Fire       #.......     41%         3    ####...
 Cause Fear               Hex            #.........   65%         4    #####..
 Leda's Liquefaction      Hex/Erth       #.........   83%         4    #####..


Dungeon Overview and Level Annotations

Branches:
Dungeon (5/15)
 Temple: D:4-7

Altars:
Ashenzari
Elyvilon
Trog
Yredelemnul
Zin

Annotations:
D:3 3 runed translucent doors, karf's ghost, amateur MiBe
D:5 Prince Ribbit


Innate Abilities, Weirdness & Mutations

You have hooves in place of feet.
Armour fits poorly on your strangely shaped body.
You cover ground very quickly.
You have extremely tough skin. (AC +3)


Message History

You are too injured to fight recklessly!
You are too injured to fight recklessly!
You are too injured to fight recklessly!
You are too injured to fight recklessly!
You are too injured to fight recklessly!
You are too injured to fight recklessly!
You hit Prince Ribbit. Your kick misses Prince Ribbit.
Prince Ribbit is moderately wounded.
Prince Ribbit hits you!
You miss Prince Ribbit. Your kick misses Prince Ribbit.
Prince Ribbit is moderately wounded.
Prince Ribbit closely misses you. Prince Ribbit hits you!
* * * LOW HITPOINT WARNING * * *
You hit Prince Ribbit.
Prince Ribbit is moderately wounded.
Prince Ribbit closely misses you.
You closely miss Prince Ribbit.
Prince Ribbit is moderately wounded.
Prince Ribbit hits you!
You die...

## #.### ##F.#
## ### #@#.†s#
#. #.##
##.###..#
#####. ##.##
#.## ##...
...... #..#
##.## ... .....
##.## ###...##
.# ##..
#..####......#
#####...
##..##........#
#.......
#......##....#
..#.#....#
##....#####...#
..#......#


You could see Prince Ribbit.

Vanquished Creatures
  Sigmund (D:3)
  A phantom (D:4)
  An ogre (D:4)
  A crimson imp (D:5)
  A bullfrog skeleton (D:5)
  An orc wizard (D:4)
  Ijyb (D:5)
  2 worker ants
  A hound skeleton (D:5)
  11 adders
  4 gnolls (D:4)
  2 shadow imps (D:5)
  3 oozes (D:2)
  2 adder skeletons
  An adder zombie (D:5)
  A dart slug (D:1)
  4 worms
  6 leopard geckos
  4 orcs (D:4)
  2 ball pythons (D:5)
  4 giant cockroaches
  7 hobgoblins
  4 jackals
  2 quokkas (D:4)
  5 bats
  6 frilled lizards
  4 goblins
  4 kobolds
  A leopard gecko skeleton (D:5)
  7 rats
94 creatures vanquished.

Notes
Turn   | Place    | Note
-------+----------+-------------------------------------------
     0 | D:1      | Essalna the Centaur Arcane Marksman began the quest for the
                  | Orb.
     0 | D:1      | Reached XP level 1. HP: 16/16 MP: 2/2
   214 | D:1      | Reached skill level 3 in Bows
   582 | D:1      | Reached XP level 2. HP: 22/23 MP: 3/3
  1488 | D:2      | Upgraded the game from 0.25-a0-942-g87a53962fc to
                  | 0.25-a0-949-gdd2af9e06e
  1519 | D:2      | Reached XP level 3. HP: 19/29 MP: 4/4
  1657 | D:2      | Found a glowing silver altar of Zin.
  1657 | D:2      | Found a basalt altar of Yredelemnul.
  1785 | D:2      | Found a shattered altar of Ashenzari.
  1788 | D:2      | Reached skill level 4 in Bows
  2401 | D:2      | Reached XP level 4. HP: 4/37 MP: 5/5
  3808 | D:3      | Reached skill level 5 in Bows
  3946 | D:3      | Found a white marble altar of Elyvilon.
  3965 | D:3      | Found a runed translucent gate.
  3966 | D:3      | Found a runed translucent gate.
  3966 | D:3      | Found a runed translucent gate.
  3968 | D:3      | Noticed karf's ghost (amateur MiBe)
  3981 | D:3      | Noticed Sigmund
  4017 | D:3      | Killed Sigmund
  4017 | D:3      | Reached skill level 6 in Bows
  4017 | D:3      | Reached XP level 5. HP: 12/46 MP: 6/6
  4017 | D:3      | Reached XP level 6. HP: 14/52 MP: 7/7
  5203 | D:4      | Reached skill level 5 in Fighting
  5203 | D:4      | Reached skill level 7 in Bows
  5203 | D:4      | Reached XP level 7. HP: 33/61 MP: 8/8
  6346 | D:5      | Entered Level 5 of the Dungeon
  6690 | D:5      | Noticed Ijyb
  6727 | D:5      | Killed Ijyb
  7046 | D:5      | Reached skill level 8 in Bows
  7420 | D:5      | Found a bloodstained altar of Trog.
  7447 | D:5      | Got a slimy dagger
  7448 | D:5      | Identified the cursed +1 dagger "Amoas" {holy, Dex+3} (You
                  | found it on level 5 of the Dungeon)
  7647 | D:5      | Learned a level 3 spell: Portal Projectile
  7685 | D:5      | Noticed Prince Ribbit
  7694 | D:5      | Slain by Prince Ribbit

Levels and vault maps discovered:
D:1:      dpeg_arrival_circle_labyrinth_c, layout_loops_ring
D:2:      kennysheep_big_flooded_room, layout_basic, overflow_temple_1_default,
          gammafunk_temple_overflow_statue, serial_park_tiny_pond
D:3:      layout_rooms, elyvilon_altar_1, first_ration,
          gammafunk_ghost_necromancy, uniq_sigmund
D:4:      layout_cave_pools, st_stairs_1
D:5:      layout_layer_cave, bloody_trog, uniq_ijyb, uniq_prince_ribbit1

Skill      XL: |  1  2  3  4  5  6  7 |
---------------+----------------------+-----
Bows           | 3 4 6 7 8 |  8.2
Fighting       | 2 4 5 6 |  6.0
Dodging        | |  1.3
Spellcasting   | |  1.0
Hexes          | |  2.6

Action                   |  1- 3 |  4- 6 |  7- 9 || total
-------------------------+-------+-------+-------++-------
Melee: Short sword       |   155 |    42 |    56 ||   253
       Kick              |    28 |     5 |    22 ||    55
       Dagger            |       |       |    20 ||    20
 Fire: Shortbow          |     7 |   145 |   112 ||   264
  Use: Potion            |       |     3 |       ||     3
  Eat: Chunk             |     4 |     7 |     7 ||    18
Armor: Robe              |    52 |    54 |    48 ||   154
       Skin              |       |     3 |       ||     3
Dodge: Dodged            |    83 |    68 |    69 ||   220

Table legend:
 A = Non-vault XP
 B = Vault XP
 C = Vault XP percentage of total XP
 D = Non-vault monster count
 E = Vault monster count
 F = Vault count percentage of total count
                 A         B        C        D         E       F
            +---------+---------+-------+---------+---------+-------
      Total |     838 |     268 |  24.2 |      89 |       5 |   5.3
            +---------+---------+-------+---------+---------+-------
        D:1 |      36 |       0 |   0.0 |      19 |       0 |   0.0
        D:2 |      97 |       3 |   3.0 |      21 |       2 |   8.7
        D:3 |      49 |     227 |  82.2 |      13 |       1 |   7.1
        D:4 |     443 |       2 |   0.4 |      19 |       1 |   5.0
        D:5 |     213 |      36 |  14.5 |      17 |       1 |   5.6
            +---------+---------+-------+---------+---------+-------
